 Dungeon Crawl Stone Soup version 0.30.1-11-g7821555f0a (webtiles) character file.

Game seed: 155876846301936085

100 RumbleBuddy the Digger (level 4, -2/24 HPs)
             Began as a Gargoyle Earth Elementalist on Dec 14, 2023.
             Killed from afar by an orc wizard (4 damage)
             ... with a magic dart
             ... on level 3 of the Dungeon on Dec 17, 2023.
             The game lasted 00:12:34 (1731 turns).

RumbleBuddy the Digger (GrEE)                       Turns: 1731, Time: 00:12:34

Health: -2/24      AC:  7    Str:  8 (11) XL:     4   Next: 73%
Magic:  7/8        EV: 11    Int: 17 (18) God:
Gold:   156        SH:  0    Dex:  9 (10) Spells: 4/8 levels left

rFire   . . .        q - staff of earth
rCold   . . .        (no shield)
rNeg    + . .        a - +0 robe
rPois   ∞            p - +0 helmet
rElec   +            n - +0 cloak
rCorr   .            (no gloves)
SInv    .            (no boots)
Will    .....        (no amulet)
Stlth   ++           (no ring)
HPRegen 0.24/turn    (no ring)
MPRegen 0.11/turn

%: no passive effects
@: no status effects
A: sickness immunity, AC +3, negative energy resistance 1, electricity
resistance, torment resistance 1, petrification resistance
a: no special abilities


You were on level 3 of the Dungeon.
You visited 1 branch of the dungeon, and saw 3 of its levels.

You collected 156 gold pieces.

Inventory:

Hand Weapons
 h - a +0 short sword
Missiles
 i - 26 stones
 r - 5 javelins
Armour
 a - a +0 robe (worn)
 n - a +0 cloak (worn)
 p - a +0 helmet (worn)
Magical Staves
 q - a staff of earth (weapon)
Jewellery
 k - a ring of resist corrosion
Scrolls
 c - a scroll of vulnerability {unknown}
 f - 2 scrolls of blinking {unknown}
 j - 5 scrolls of identify {unknown}
 l - 2 scrolls of immolation {unknown}
 o - a scroll of torment {unknown}
 s - a scroll of silence {unknown}
Potions
 b - a potion of magic
 d - a potion of degeneration
 e - a potion of berserk rage {unknown}
 g - a potion of mutation {unknown}
 m - 2 potions of curing {unknown}


   Skills:
 - Level 1.5 Dodging
 - Level 2.1 Stealth
 + Level 2.9 Spellcasting
 + Level 0.8 Necromancy
 + Level 1.9 Transmutations
 + Level 4.6 Earth Magic


You had 4 spell levels left.
You knew the following spells:

 Your Spells              Type           Power      Damage    Failure   Level
a - Sandblast             Erth           54%        2d13      2%          1
b - Vampiric Draining     Necr           5%         2d6       36%         3

Your spell library contained the following spells:

 Spells                   Type           Power      Damage    Failure   Level
 Passwall                 Tmut/Erth      16%        N/A       7%          2
 Necrotise                Necr           20%        1d5       12%         1
 Stone Arrow              Conj/Erth      30%        3d8       21%         3
 Petrify                  Tmut/Erth      20%        N/A       41%         4
 Agony                    Necr           5%         N/A       98%         5


Dungeon Overview and Level Annotations

Branches:
Dungeon (3/15)

Altars:


Innate Abilities, Weirdness & Mutations

You are immune to sickness and miasma.
Your stone body is resilient. (AC +3)
You are immune to poison.
You resist negative energy. (rN+)
You are resistant to electric shocks. (rElec)
You are resistant to unholy torment.
You are immune to petrification.


Message History

Confirm with . or Enter, or press ? or * to list all spells.
You can't see any susceptible monsters within range! (Use Z to cast anyway.) Unknown command.
You miss something.
You hear some strange, mumbled words.
You are confused.
You barely miss something. Something hits you.
You bump into the rock wall.
Something completely misses you.
You barely miss something. Something hits you.
You miss something. Something hits you but does no damage.
You barely miss something.
You hear some strange, mumbled words.
You are more confused.
Something hits you.
You completely miss something. Something hits you but does no damage.
Something hits you.
* * * LOW HITPOINT WARNING * * *
Something hits you.
* * * LOW HITPOINT WARNING * * *
You're too confused to cast spells.
You miss something. Something hits you but does no damage.
You bump into the rock wall.
You hear some strange, mumbled words.
A puff of flame appears from out of thin air!
The puff of flame hits you.
* * * LOW HITPOINT WARNING * * *
It was a potion of degeneration.
There was something very wrong with that liquid.
You feel weakened.
You feel dopey.
You feel clumsy. Something hits you but does no damage.
You closely miss something.
You feel less confused. Something hits you but does no damage.
You closely miss something. Something hits you.
* * * LOW HITPOINT WARNING * * *
You barely miss something.
You hear some strange, mumbled words.
A magic dart appears from out of thin air!
The magic dart hits you.
You die...

#.# ... #.# ###.# ...# #
#..# .# #.# #..##.##
#.#####..#...##.
#......@{.......
.....##..#...##.
##.##.##..##.## ####.
..##.##.)# .# ##. .....
#.##.##..# ..o. ....
#)##.##..# ..
###..#####.##.##..##.####
<............†.).......#
#..####.###.##..##.##...


There were no monsters in sight!

Vanquished Creatures
  An orc wizard (D:3)
  Natasha (D:3)
  3 orcs (D:3)
  5 ball pythons
  4 bats (D:1)
  9 endoplasms
  3 goblins (D:1)
  5 hobgoblins
  3 jackals (D:1)
  4 frilled lizards
  2 kobolds
  4 rats
44 creatures vanquished.

Notes
Turn   | Place    | Note
-------+----------+-------------------------------------------
     0 | D:1      | RumbleBuddy the Gargoyle Earth Elementalist began the quest
                  | for the Orb.
     0 | D:1      | Reached XP level 1. HP: 10/10 MP: 3/3
    96 | D:1      | Reached skill level 1 in Transmutations
   155 | D:1      | Reached XP level 2. HP: 15/15 MP: 3/5
   350 | D:1      | Reached skill level 4 in Earth Magic
   421 | D:1      | Reached XP level 3. HP: 17/19 MP: 2/6
  1114 | D:2      | Learned a level 3 spell: Vampiric Draining
  1621 | D:3      | Noticed Natasha
  1624 | D:3      | Killed Natasha
  1625 | D:3      | Reached XP level 4. HP: 24/24 MP: 4/8
  1731 | D:3      | Killed from afar by an orc wizard

Illustrated notes

Levels and vault maps discovered:
D:1:      noname_arrival_rooms_in_the_neighbourhood, layout_loops_cross,
          minmay_tetromino_t4
D:2:      layout_loops_ring, serial_forest, infiniplex_forest_clump_long,
          infiniplex_forest_clump_curved, infiniplex_forest_lined_3_way,
          infiniplex_forest_end_1, infiniplex_forest_lined_ring,
          infiniplex_forest_lined_4_way, minivault_11, chequers_arboretum,
          minmay_misc_feat_rows
D:3:      layout_loops_ring, fedhas_altar_1, lemuel_tele_altar, uniq_jessica,
          uniq_natasha

Skill      XL: |  1  2 |
---------------+-------+-----
Transmutations | 1 |  1.9
Earth Magic    | 4 |  4.6
Dodging        | |  1.5
Stealth        | |  2.1
Spellcasting   | |  2.9
Necromancy     | |  0.8

Action                     |  1- 3 |  4- 6 || total
---------------------------+-------+-------++-------
  Melee: Unarmed           |    25 |       ||    25
         Short sword       |    58 |       ||    58
         Staff             |    19 |    30 ||    49
         Punch             |     2 |       ||     2
   Cast: Sandblast         |    26 |     5 ||    31
    Use: Potion            |       |     1 ||     1
   Stab: Sleeping          |     3 |       ||     3
 Armour: Robe              |    46 |    18 ||    64
  Dodge: Dodged            |    84 |     6 ||    90
